 Dungeon Crawl Stone Soup version 0.31-a0-430-gf8416d752b (webtiles) character file.

Game seed: 4274197086424974785

1366 AdnanSaban the Cudgeller (level 8, 0/49 HPs)
             Began as a Gargoyle Fighter on July 31, 2023.
             Slain by an orc warrior
             ... wielding a +0 trident
              (3 damage)
             ... on level 6 of the Dungeon.
             The game lasted 00:05:29 (4405 turns).

AdnanSaban the Cudgeller (Gargoyle Fighter)         Turns: 4405, Time: 00:05:29

Health: 0/49       AC: 19    Str: 29    XL:     8   Next: 65%
Magic:  0/8        EV:  8    Int:  8    God:
Gold:   276        SH:  4    Dex:  9    Spells: 7/7 levels left

rFire   . . .        n - +2 flail (venom)
rCold   . . .        c - +0 buckler
rNeg    + . .        t - +0 plate armour
rPois   ∞            (no helmet)
rElec   +            (no cloak)
rCorr   .            (no gloves)
SInv    .            r - +0 pair of boots
Will    .....        g - amulet of guardian spirit Stlth
                     o - +6 ring of strength
HPRegen 0.28/turn    (no ring)
MPRegen 0.11/turn

%: guardian spirit
@: no status effects
A: sickness immunity, AC +5, negative energy resistance 1, electricity
resistance, torment resistance 1, petrification resistance
a: no special abilities


You were on level 6 of the Dungeon.
You visited 2 branches of the dungeon, and saw 7 of its levels.

You collected 276 gold pieces.

Inventory:

Hand Weapons
 n - a +2 flail of venom (weapon)
Missiles
 y - 6 boomerangs
 z - 5 javelins
Armour
 c - a +0 buckler (worn)
 r - a +0 pair of boots (worn)
 t - a +0 plate armour (worn)
Jewellery
 g - an amulet of guardian spirit (around neck)
 o - a +6 ring of strength (left hand)
Wands
 b - a wand of roots (6)
 w - a wand of flame (11)
 C - a wand of charming (12)
Scrolls
 a - 3 scrolls of butterflies {unknown}
 e - 4 scrolls of identify {unknown}
 i - a scroll of immolation {unknown}
 j - a scroll of revelation {unknown}
 k - 5 scrolls of fear {unknown}
 p - 2 scrolls of enchant armour {unknown}
 q - 4 scrolls of teleportation {unknown}
 v - a scroll of fog {unknown}
 x - a scroll of noise {unknown}
Potions
 d - 3 potions of might
 f - 3 potions of degeneration {unknown}
 h - a potion of brilliance {unknown}
 l - 6 potions of curing {unknown}
 m - a potion of invisibility {unknown}
 s - 2 potions of haste {unknown}
 u - a potion of lignification {unknown}
 A - 3 potions of attraction {unknown}
 B - 2 potions of heal wounds {unknown}


   Skills:
 + Level 5.2 Fighting
 + Level 7.1 Maces & Flails
 + Level 6.7 Armour
 + Level 1.7 Dodging
 + Level 0.3 Stealth
 + Level 4.7 Shields


You had 7 spell levels left.
You didn't know any spells.
Your spell library contained the following spells:

 Spells                   Type           Power      Damage    Failure   Level
 Static Discharge         Conj/Air       0%         2-2/arc   100%        2
 Airstrike                Air            0%         2d(0-16)  100%        4
 Summon Lightning Spire   Summ/Air       0%         N/A       100%        4
 Summon Forest            Summ/Tloc      0%         N/A       100%        5
 Summon Mana Viper        Hex/Summ       0%         N/A       100%        5
 Summon Cactus Giant      Summ           0%         N/A       100%        6


Dungeon Overview and Level Annotations

Branches:
Dungeon (6/15)             Temple (1/1) D:6

Altars:
Ashenzari
Cheibriados
Dithmenos
Gozag
Hepliaklqana
Kikubaaqudgha
Makhleb
Qazlal
Ru
Sif Muna
Wu Jian
Zin
The Shining One

Shops:
D:3 *   D:5 :

Portals:
Abyss: D:3

Annotations:
D:3 Ethylacetat's ghost, amateur OpFE
D:4 1 runed translucent door, Crazy Yiuf
Temple 2 transporters


Innate Abilities, Weirdness & Mutations

You are immune to sickness and miasma.
Your stone body is resilient. (AC +5)
You are immune to poison.
You resist negative energy. (rN+)
You are resistant to electric shocks. (rElec)
You are resistant to unholy torment.
You are immune to petrification.


Message History

The steam dragon closely misses you.
The steam dragon claws you but does no damage.
The steam dragon breathes steam at you.
The ball of steam hits you but does no damage.
You hear an angry growl.
You hear an angry hiss.
You kill the steam dragon!
The steam dragon scales are intact enough to wear.
Your Maces & Flails skill increases to level 7!
A black bear comes into view.
The sleepcap is engulfed in a cloud of scalding steam.
A sky beast comes into view.
The sky beast flickers out of sight!
Deactivating autopickup; reactivate with Ctrl-A.
You hit something. Something hits you.
* * * LOW HITPOINT WARNING * * *
Something shocks you. You resist.
* * * LOW HITPOINT WARNING * * *
You closely miss something. Something hits you but does no damage.
You closely miss something. Something hits you but does no damage.
The sleepcap releases spores at you but does no damage.
The orc warrior barely misses you. Something hits you.
* * * LOW HITPOINT WARNING * * *
Something shocks you. You resist.
* * * LOW HITPOINT WARNING * * *
The sleepcap completely misses you. Something hits you but does no damage.
There is a fountain of clear blue water here.
Something hits you but does no damage. Something hits you but does no damage.
The sleepcap attacks as you move away!
The sleepcap releases spores at you but does no damage.
Something hits you but does no damage.
The orc warrior hits you but does no damage.
The sleepcap releases spores at you but does no damage.
There is an escape hatch in the ceiling here.
Something hits you.
* * * LOW HITPOINT WARNING * * *
Something shocks you. You resist. The sleepcap barely misses you.
The orc warrior hits you from afar with a +0 trident.
You die...

##.⌠.##.....f..# ...
... . #.....##..####.#
.#.# .# .#.
#..#.#..##.# #.# #
......##.##....# #..
#...##...##...# ####
.#.⌠....>....⌠.# ..
.....##...##.o.####..#
#....##(##..of.....#
#.##..#.#..##.@#####
#..##.....##..##
#..##.⌠.##....
#..#...#....##
#..........#
###.##########
.###...# .....###
......#### #


You could see 2 orc warriors and a sleepcap.

Vanquished Creatures
  A steam dragon (D:6)
  2 water moccasins (D:6)
  A black bear (D:3)
  An ogre (D:4)
  A bullfrog (D:6)
  3 scorpions
  A jelly (D:5)
  An iron imp (D:3)
  5 orc priests
  A hound (D:6)
  A sleepcap (D:6)
  Ijyb (D:5)
  An iguana (D:6)
  3 orc wizards
  3 adders
  4 gnolls
  An ufetubus (D:5)
  3 dart slugs
  10 orcs
  9 ball pythons
  9 endoplasms
  A giant cockroach (D:2)
  8 goblins
  6 hobgoblins
  7 quokkas
  4 bats
  3 frilled lizards
  7 kobolds
  8 rats
106 creatures vanquished.

Vanquished Creatures (others)
  A black bear (D:6)
1 creature vanquished.

Grand Total: 107 creatures vanquished

Notes
Turn   | Place    | Note
-------+----------+-------------------------------------------
     0 | D:1      | AdnanSaban the Gargoyle Fighter began the quest for the
                  | Orb.
     0 | D:1      | Reached XP level 1. HP: 14/14 MP: 1/1
   131 | D:1      | Reached XP level 2. HP: 14/19 MP: 2/2
   333 | D:1      | Reached XP level 3. HP: 14/23 MP: 1/3
   832 | D:1      | Reached XP level 4. HP: 13/29 MP: 0/4
  1253 | D:2      | Reached skill level 3 in Maces & Flails
  1472 | D:2      | Found a faded altar of an unknown god.
  1678 | D:3      | Noticed a black bear
  1684 | D:3      | Killed a black bear
  1685 | D:3      | Reached skill level 1 in Dodging
  1685 | D:3      | Reached XP level 5. HP: 28/33 MP: 5/5
  1706 | D:3      | Found a transporter.
  1718 | D:3      | Noticed Ethylacetat's ghost (amateur OpFE)
  1840 | D:3      | Found Culoocs's General Store.
  1913 | D:3      | Found a one-way gate to the infinite horrors of the Abyss.
  1927 | D:3      | Found a transporter.
  2150 | D:4      | Reached skill level 5 in Armour
  2150 | D:4      | Reached XP level 6. HP: 37/38 MP: 4/6
  2170 | D:4      | Reached skill level 4 in Maces & Flails
  2269 | D:4      | Reached XP level 7. HP: 43/43 MP: 7/7
  2522 | D:4      | Found a runed translucent door.
  2523 | D:4      | Noticed Crazy Yiuf
  2617 | D:5      | Entered Level 5 of the Dungeon
  3008 | D:5      | Noticed Ijyb
  3016 | D:5      | Killed Ijyb
  3017 | D:5      | Reached skill level 5 in Maces & Flails
  3038 | D:5      | HP: 2/44 [acid (5)]
  3217 | D:5      | Found Sasavox's Tremendous Tomes.
  4160 | D:6      | Reached XP level 8. HP: 36/48 MP: 6/8
  4163 | D:6      | Reached skill level 6 in Maces & Flails
  4312 | D:6      | Found a staircase to the Ecumenical Temple.
  4328 | Temple   | Found a transporter.
  4328 | Temple   | Found a transporter.
  4328 | Temple   | Found a transporter.
  4328 | Temple   | Found a transporter.
  4328 | Temple   | Entered the Ecumenical Temple
  4379 | D:6      | Reached skill level 5 in Fighting
  4388 | D:6      | Reached skill level 7 in Maces & Flails
  4405 | D:6      | Slain by an orc warrior

Illustrated notes

Levels and vault maps discovered:
D:1:      erik_arrival_blinker_ship, layout_rooms
D:2:      wander_river, layout_rooms, dilly_ecumenical_altar_fadedgnrine,
          serial_curves, eino_curves_03, eino_curves_03
D:3:      layout_rooms, gammafunk_ghost_abyssal_escape, serial_shops,
          nicolae_shop_rolling_square, kennysheep_generic_room_2
D:4:      layout_rooms, supply_closet_lemuel, kennysheep_doodads,
          uniq_crazy_yiuf_cottage
D:5:      layout_gridville, nicolae_shop_i_like_big_books, dk_noncrumbling_4,
          uniq_ijyb
D:6:      layout_rooms, mainiacjoe_overflow_paths, nicolae_uskayaw_dance_studio,
          minmay_temple_entry_waves, minmay_diced_spiral
Temple:   hellmonk_temple_divided_pantheon

Skill      XL: |  1  2  3  4  5  6  7  8 |
---------------+-------------------------+-----
Armour         | 4 5 6 |  6.7
Maces & Flails | 3 4 5 7 |  7.1
Fighting       | 4 5 |  5.2
Dodging        | 1 |  1.7
Shields        | 4 |  4.7
Stealth        | |  0.3

Action                     |  1- 3 |  4- 6 |  7- 9 || total
---------------------------+-------+-------+-------++-------
  Melee: Flail             |    93 |    99 |   122 ||   314
 Armour: Scale mail        |    54 |    46 |     1 ||   101
         Plate armour      |       |       |   117 ||   117
  Dodge: Dodged            |    60 |    44 |    50 ||   154
  Block: Buckler           |    22 |    19 |    31 ||    72

Table legend: (Time is in decaauts)
 A = Elapsed time spent in this place.
 B = Non-inter-level travel time spent in this place.
 C = Inter-level travel time spent in this place.
 D = Time resting spent in this place.
 E = Time spent auto-exploring this place.
 F = Levels seen in this place.
 G = Mean time per level.
                   A        B        C        D        E       F      G
               +--------+--------+--------+--------+--------+-----+--------+
         Total |   4490 |   3888 |    602 |    389 |   2640 |   7 |  641.4 |
       Dungeon |   4488 |   3886 |    602 |    389 |   2640 |   6 |  748.0 |
        Temple |      1 |      1 |      0 |      0 |      0 |   1 |    1.0 |
               +--------+--------+--------+--------+--------+-----+--------+

Top non-repeatable levels by time:
     D:5: 1133 daAuts
     D:1: 866 daAuts
     D:4: 811 daAuts
     D:2: 735 daAuts
     D:3: 664 daAuts
     D:6: 277 daAuts
  Temple: 1 daAuts
